 Dungeon Crawl Stone Soup version 0.28-a0-474-g535839065c (webtiles) character file.

Game seed: 17109445843140728714

85 spiderkeys the Skirmisher (level 4, 0/31 HPs)
             Began as an Octopode Abyssal Knight on Sept 16, 2021.
             Was a Follower of Lugonu.
             Slain by an orc (9 damage)
             ... on level 3 of the Dungeon.
             The game lasted 00:02:18 (2200 turns).

spiderkeys the Skirmisher (Octopode Abyssal Knight) Turns: 2200, Time: 00:02:18

Health: 0/31       AC:  1    Str: 16    XL:     4   Next: 48%
Magic:  15/15      EV: 13    Int: 14    God:    Lugonu [*.....]
Gold:   190        SH:  0    Dex: 11    Spells: 3/3 levels left

rFire   . . .      SeeInvis .   a - +1 spear (vorpal)
rCold   . . .      Faith    .   (no shield)
rNeg    . . .      Spirit   .   (helmet restricted)
rPois   .          Reflect  .   (no amulet)
rElec   .          Harm     .   c - ring "Juuxih" {Will- rCorr MP+9 Str+4 Slay+3}
rCorr   +          Rampage  .   (no ring)
Will    .....                   (no ring)
Stlth   +++.......              (no ring)
HPRegen 0.10/turn               (no ring)
MPRegen 0.14/turn               (no ring)
                                (no ring)
                                (no ring)

@: no status effects
A: almost no armour, amphibious, 8 rings, camouflage 1, gelatinous body 1,
(nimble swimmer 1), tentacles
a: Renounce Religion, Depart the Abyss


You were on level 3 of the Dungeon.
You worshipped Lugonu.
Lugonu was aware of your devotion.
You visited 1 branch of the dungeon, and saw 3 of its levels.
You visited the Abyss 1 time.

You collected 190 gold pieces.


Innate Abilities, Weirdness & Mutations

You cannot wear most types of armour.
You are amphibious.
You can wear up to eight rings at the same time.
Your skin changes colour to match your surroundings (Stealth+).
Your rubbery body absorbs attacks. (AC +1, EV +1)
((You are camouflaged near water. (Stealth+)))
You have tentacles for arms and can constrict up to eight enemies at once.


   Skills:
 + Level 3.5 Fighting
 + Level 2.6 Polearms
 + Level 2.9 Dodging
 + Level 2.4 Stealth
 + Level 2.8 Invocations


You had 3 spell levels left.
You didn't know any spells.
Your spell library contained the following spells:

 Spells                   Type           Power      Damage    Failure   Level
 Fireball                 Conj/Fire      0%         3d3       100%        5
 Iskenderun's Battlesphe  Conj           0%         2d6       100%        5
 Conjure Ball Lightning   Conj/Air       0%         3x3d6     100%        6
 Orb of Destruction       Conj           0%         N/A       100%        7

Inventory:

Hand Weapons
 a - a +1 vorpal spear (weapon)
Missiles
 d - 5 arrows
 f - 6 boomerangs
 g - 11 poisoned darts
 i - 14 bolts
 k - 35 stones
Jewellery
 c - the ring "Juuxih" (left tentacle) {Will- rCorr MP+9 Str+4 Slay+3}
   (You found it on level 2 of the Abyss)

   [ring of magical power]

   Str:       It affects your strength (+4).
   Slay:      It affects your accuracy & damage with ranged weapons and melee
   (+3).
   MP:        It affects your magic capacity (+9).
   rCorr:     It protects you from acid and corrosion.
   Will:      It decreases your willpower.
Scrolls
 h - a scroll of identify {@r1}
Potions
 b - a potion of magic
 e - a potion of haste {@q3}
 j - a potion of heal wounds {@q2}

Dungeon Overview and Level Annotations

Branches:
Dungeon (3/15)

Altars:

#######
#.....# #####
## #.###.#
#... .. #.#
#.###.##.# #.#
#...†....# #.#
#####)#####..#
#.####
#.)@o....#
#....#
########.#
#....# #....#
#.#### #.# #.#
#.#
#.#########


You could see an orc.


Message History

k - 16 stones
k - 35 stones (gained 19)
Found a stone staircase leading down.
No target in view!
No target in view!
A goblin comes into view. It is wielding a +0 club.
You hit the goblin.
You kill the goblin!
Lugonu accepts your kill.
No target in view!
No target in view!
Things that are here:
a +0 club; a goblin corpse
There is a stone staircase leading down here.
Key pressed, stopping explore.
Key pressed, stopping explore.
No target in view!
An endoplasm comes into view.
An endoplasm is nearby!
An endoplasm is nearby!
An endoplasm is nearby!
You reach to attack!
The helpless endoplasm fails to defend itself.
You hit the endoplasm but do no damage. You hit the endoplasm but do no damage.
You squeeze the endoplasm. The endoplasm hits you. 😕 HP[-2]
You take 2 damage, and now have 29/31 hp.
You hit the endoplasm but do no damage. The endoplasm freezes you.
You are frozen. 😕 HP[-3]
You take 3 damage, and now have 26/31 hp.
You puncture the endoplasm!
You kill the endoplasm!
Lugonu accepts your kill.
No target in view!
No target in view!
As you read the scroll of identify {@r1}, it crumbles to dust.
j - a potion of heal wounds
Found a stone staircase leading down. 😎 HP[+5]
Your hp is fully restored (31).
No target in view!
No target in view!
h - a scroll of identify {@r1}
Found a stone staircase leading up.
A bat comes into view.
A bat is nearby!
You reach to attack!
The helpless bat fails to defend itself.
You puncture the bat!
You kill the bat!
Lugonu accepts your kill.
No target in view!
No target in view!
An orc comes into view. It is wielding a +3 short sword.
The orc shouts!
You hear a shout!
An orc is nearby!
An orc is nearby!
You see here a bat corpse.
You hit the orc but do no damage. You grab the orc.
You constrict the orc, but do no damage.
The orc hits you with a +3 short sword. 😕 HP[-2]
You take 2 damage, and now have 29/31 hp.
You hit the orc. You constrict the orc.
You kill the orc!
Lugonu accepts your kill.
An orc comes into view.
It is wielding a +0 club. 3 orcs come into view.
Items here: $ ) [ †.
The orc shouts! x2
You puncture the orc!
You kill the orc!
Lugonu accepts your kill.
There are monsters nearby!
There are monsters nearby!
You reach to attack!
You hit the orc but do no damage. You puncture the orc!
You kill the orc!
Lugonu accepts your kill.
The orc hits you from afar with a +0 trident! 😮 HP[-7]
You take 7 damage, and now have 22/31 hp.
MASSIVE DAMAGE!! (PAUSE)
The orc hits you with a +0 trident.
Items here: )) [ †. 😮 HP[-4]
You take 4 damage, and now have 18/31 hp.
You barely miss the orc. You grab the orc. You squeeze the orc!
You kill the orc!
Lugonu accepts your kill.
The orc hits you from afar with a +0 trident!
* * * LOW HITPOINT WARNING * * *
😨 HP[-9]
You take 9 damage, and now have 9/31 hp.
MASSIVE DAMAGE!! (PAUSE)
The orc hits you with a +0 trident!
You die...

Skill      XL: |  1  2  3 |
---------------+----------+-----
Stealth        | 1 2 |  2.4
Fighting       | |  3.5
Polearms       | |  2.6
Dodging        | |  2.9
Invocations    | |  2.8

Action                   |  1- 3 |  4- 6 || total
-------------------------+-------+-------++-------
Melee: Spear             |    48 |    22 ||    70
       Constrict         |     6 |     3 ||     9
       Tentacles         |     2 |     2 ||     4
Invok: Depart the Abyss  |     1 |       ||     1
  Use: Scroll            |     5 |     1 ||     6
 Stab: Sleeping          |    10 |     4 ||    14
Dodge: Dodged            |    15 |     4 ||    19

Levels and vault maps discovered:
D:1:      ncdulo_smallfort, layout_basic
D:2:      layout_basic, uniq_jessica
D:3:      layout_loops_cross, shapermc_ecumenical_altar_rom_forum

Notes
Turn   | Place    | Note
-------+----------+-------------------------------------------
     0 | Abyss:1  | spiderkeys the Octopode Abyssal Knight began the quest for
                  | the Orb.
     0 | Abyss:1  | Reached XP level 1. HP: 16/16 MP: 2/2
     0 | Abyss:1  | magus.rc [v1.9.10]
    69 | Abyss:2  | Found a shimmering altar of Xom.
    71 | Abyss:2  | Found a shimmering altar of Xom.
    73 | Abyss:2  | Found a shimmering altar of Xom.
    73 | Abyss:2  | Found a shimmering altar of Xom.
    73 | Abyss:2  | Found a shimmering altar of Xom.
    73 | Abyss:2  | Found a shimmering altar of Xom.
    73 | Abyss:2  | Found a shimmering altar of Xom.
    73 | Abyss:2  | Found a corrupted altar of Lugonu.
    73 | Abyss:2  | Identified the ring "Juuxih" {Will- rCorr MP+9 Str+4
                  | Slay+3}
    75 | Abyss:2  | Found a shimmering altar of Xom.
    75 | Abyss:2  | Found a shimmering altar of Xom.
    75 | Abyss:2  | Found a shimmering altar of Xom.
    75 | Abyss:2  | Found a shimmering altar of Xom.
    76 | Abyss:2  | Found a shimmering altar of Xom.
    76 | Abyss:2  | Found a shimmering altar of Xom.
    76 | Abyss:2  | Found a shimmering altar of Xom.
   164 | Abyss:3  | Noticed a tentacled starspawn
   168 | Abyss:3  | Noticed a tentacled starspawn
   169 | Abyss:3  | Noticed a chaos spawn
   170 | Abyss:3  | Noticed a large abomination
   175 | D:1      | You pass through the gate.
   175 | D:1      | Escaped the Abyss
   274 | D:1      | Reached XP level 2. HP: 21/21 MP: 3/3
   342 | D:1      | Reached skill level 1 in Stealth
   345 | D:1      | Reached * piety under Lugonu
   930 | D:1      | You pick up a book of the Spheres and begin reading...
   930 | D:1      | You add the spells Iskenderun's Battlesphere, Fireball,
                  | Conjure Ball Lightning and Orb of Destruction to your
                  | library.
  1090 | D:1      | Reached XP level 3. HP: 26/26 MP: 4/4
  1406 | D:2      | Noticed Jessica
  1407 | D:2      | Killed Jessica
  1408 | D:2      | Reached skill level 2 in Stealth
  1408 | D:2      | Reached XP level 4. HP: 31/31 MP: 6/6
  2200 | D:3      | Slain by an orc

Vanquished Creatures
  Jessica (D:2)
  An adder (D:2)
  3 dart slugs
  4 orcs (D:3)
  An endoplasm (D:3)
  8 goblins
  8 hobgoblins
  2 kobolds
  2 ball pythons (D:2)
  6 bats
  2 frilled lizards
  A rat (D:1)
39 creatures vanquished.

Vanquished Creatures (others)
  2 fungi (D:3)
2 creatures vanquished.

Grand Total: 41 creatures vanquished

Table legend:
 A = Non-vault XP
 B = Vault XP
 C = Vault XP percentage of total XP
 D = Non-vault monster count
 E = Vault monster count
 F = Vault count percentage of total count
                 A         B        C        D         E       F
            +---------+---------+-------+---------+---------+-------
      Total |      85 |      37 |  30.3 |      38 |       1 |   2.6
            +---------+---------+-------+---------+---------+-------
        D:1 |      37 |       0 |   0.0 |      20 |       0 |   0.0
        D:2 |      31 |      37 |  54.4 |      11 |       1 |   8.3
        D:3 |      17 |       0 |   0.0 |       7 |       0 |   0.0
            +---------+---------+-------+---------+---------+-------

Illustrated notes

Table legend:
 A = Kills in this place as a percentage of kills in entire the game.
 B = Kills by you in this place as a percentage of kills by you in the entire game.
 C = Kills by friends in this place as a percentage of kills by friends in the entire game.
 D = Other kills in this place as a percentage of other kills in the entire game.
 E = Experience gained in this place as a percentage of experience gained in the entire game.
 F = Experience gained in this place divided by the number of levels of this place that you have seen.
                   A       B       C       D       E      F
               +-------+-------+-------+-------+-------+----------------------
         Total | 100.0 | 100.0 |   N/A |   N/A | 100.0 |  20.3
       Dungeon | 100.0 | 100.0 |   N/A |   N/A | 100.0 |  40.7
               +-------+-------+-------+-------+-------+----------------------

Table legend: (Time is in decaauts)
 A = Elapsed time spent in this place.
 B = Non-inter-level travel time spent in this place.
 C = Inter-level travel time spent in this place.
 D = Time resting spent in this place.
 E = Time spent auto-exploring this place.
 F = Levels seen in this place.
 G = Mean time per level.
                   A        B        C        D        E       F      G
               +--------+--------+--------+--------+--------+-----+--------+
         Total |   2198 |   2083 |    115 |      0 |   1780 |   6 |  366.3 |
       Dungeon |   2024 |   1909 |    115 |      0 |   1682 |   3 |  674.7 |
         Abyss |    174 |    174 |      0 |      0 |     98 |   3 |   58.0 |
               +--------+--------+--------+--------+--------+-----+--------+

Top non-repeatable levels by time:
     D:1: 1051 daAuts
     D:2: 763 daAuts
     D:3: 209 daAuts
 Abyss:3: 92 daAuts
 Abyss:2: 51 daAuts
 Abyss:1: 30 daAuts
